 Dungeon Crawl Stone Soup version 0.28-a0-1143-gcf6077d4cc (webtiles) character file.

Game seed: 9321512124508448572

0 spaghetti the Sneak (level 1, -2/18 HPs)
             Began as a Mummy Delver on Dec 14, 2021.
             Slain by a hound (4 damage)
             ... on level 4 of the Dungeon.
             The game lasted 00:01:14 (403 turns).

spaghetti the Sneak (Mummy Delver)                   Turns: 403, Time: 00:01:15

Health: -2/18      AC:  3    Str: 15    XL:     1   Next: 0%
Magic:  1/1        EV: 11    Int:  9    God:
Gold:   34         SH:  0    Dex: 13    Spells: 0/0 levels left

rFire   x . .      SeeInvis .     - Unarmed
rCold   + . .      Faith    .   (no shield)
rNeg    + + +      Spirit   .   a - +0 leather armour
rPois   ∞          Reflect  .   (no helmet)
rElec   .          Harm     .   (no cloak)
rCorr   .          Rampage  .   (no gloves)
Will    .....                   (no boots)
Stlth   ++........              (no amulet)
HPRegen 0.06/turn               (no ring)
MPRegen 0.07/turn               (no ring)

@: no status effects
A: cold resistance 1, negative energy resistance 3, torment resistance 2, heat
vulnerability 1, no potions
a: no special abilities


You were on level 4 of the Dungeon.
You visited 1 branch of the dungeon, and saw 3 of its levels.

You collected 34 gold pieces.


Innate Abilities, Weirdness & Mutations

You are immune to poison.
Your flesh is cold resistant. (rC+)
You are immune to negative energy. (rN+++)
You are immune to unholy pain and torment.
You are vulnerable to heat. (rF-)
You do not drink.


   Skills:
 + Level 3.0 Fighting
 + Level 1.5 Dodging
 + Level 4.1 Stealth
 + Level 1.5 Unarmed Combat


You couldn't memorise any spells.
You didn't know any spells.
Your spell library was empty.

Inventory:

Missiles
 c - 20 bolts
 d - 2 boomerangs (quivered) {throwing}
Armour
 a - a +0 leather armour (worn)
Wands
 e - a wand of digging (3)
Scrolls
 b - a scroll of fog

Dungeon Overview and Level Annotations

Branches:
Dungeon (6/15)
 Temple: D:4-7

Altars:
Qazlal
Ru
Vehumet

Annotations:
D:5 exclusion: necrophage

### #######.##
##........#
#.....>...###
#....h......# .
#....@....###
... ##......###
....####.....##
............##
.........####
......#..#
.......#..#
.....[##..#
...... ##..##


You could see a hound.


Message History

There is a stone staircase leading down here.
Unknown command.
Unknown command.
A hound comes into view.
The hound barks!
Okay, then.
You can't drink.
Okay, then.
The hound closely misses you.
There is a stone staircase leading down here.
You closely miss the hound. The hound bites you. x2 😮 HP[-5]
You take 5 damage, and now have 13/18 hp.
MASSIVE DAMAGE!! (PAUSE)
Okay, then.
Okay, then.
The hound bites you. 😮 HP[-3]
You take 3 damage, and now have 10/18 hp.
The hound bites you but does no damage. x2
You completely miss the hound. The hound barely misses you.
You miss the hound. The hound closely misses you. The hound barely misses you.
You closely miss the hound. The hound bites you.
* * * LOW HITPOINT WARNING * * *
😨 HP[-4]
You take 4 damage, and now have 6/18 hp.
MASSIVE DAMAGE!! (PAUSE) Unknown command.
Unknown command.
Throw: 3 boomerangs {throwing}
Press: ? - help, Q - select action Shift-Dir - straight line, f - hound
Aim: a hound (46% to hit)
Okay, then.
Throw: 3 boomerangs {throwing}
Press: ? - help, Q - select action Shift-Dir - straight line, f - hound
Aim: a hound (46% to hit)
You throw a boomerang {throwing}.
The boomerang {throwing} hits the hound.
The hound bites you but does no damage. The hound completely misses you.
Throw: 3 boomerangs {throwing}
Press: ? - help, Q - select action Shift-Dir - straight line, f/p - hound
Aim: a hound (moderately wounded, 46% to hit)
You throw a boomerang {throwing}.
The boomerang {throwing} closely misses the hound.
The hound closely misses you. x2
Throw: 3 boomerangs {throwing}
Press: ? - help, Q - select action Shift-Dir - straight line, f/p - hound
Aim: a hound (moderately wounded, 46% to hit)
You throw a boomerang {throwing}.
The boomerang {throwing} misses the hound.
The hound closely misses you. The hound bites you.
* * * LOW HITPOINT WARNING * * *
😨 HP[-1]
You take 1 damage, and now have 5/18 hp.
Throw: 3 boomerangs {throwing}
Press: ? - help, Q - select action Shift-Dir - straight line, f/p - hound
Aim: a hound (moderately wounded, 46% to hit)
You throw a boomerang {throwing}.
The boomerang {throwing} closely misses the hound.
The hound bites you but does no damage.
The hound closely misses you. 😨 HP[+1] Throw: 3 boomerangs {throwing}
Press: ? - help, Q - select action Shift-Dir - straight line, f/p - hound
Aim: a hound (moderately wounded, 46% to hit)
You throw a boomerang {throwing}.
The boomerang {throwing} hits the hound.
The hound misses you. The hound barely misses you.
Throw: 3 boomerangs {throwing}
Press: ? - help, Q - select action Shift-Dir - straight line, f/p - hound
Aim: a hound (severely wounded, 46% to hit)
You throw a boomerang {throwing}.
The boomerang {throwing} hits the hound.
The hound bites you.
* * * LOW HITPOINT WARNING * * *
The hound bites you.
* * * LOW HITPOINT WARNING * * *
😱 HP[-4]
You take 4 damage, and now have 2/18 hp.
MASSIVE DAMAGE!! (PAUSE) Unknown command.
Unknown command.
Throw: 3 boomerangs {throwing}
Press: ? - help, Q - select action Shift-Dir - straight line, f/p - hound
Aim: a hound (almost dead, 46% to hit)
You throw a boomerang {throwing}.
The boomerang {throwing} barely misses the hound.
The hound bites you but does no damage. The hound closely misses you.
Throw: 2 boomerangs {throwing}
Press: ? - help, Q - select action Shift-Dir - straight line, f/p - hound
Aim: a hound (almost dead, 46% to hit)
You throw a boomerang {throwing}.
The boomerang {throwing} hits the hound but does no damage.
The hound barely misses you.
Throw: 2 boomerangs {throwing}
Press: ? - help, Q - select action Shift-Dir - straight line, f/p - hound
Aim: a hound (almost dead, 46% to hit)
You throw a boomerang {throwing}.
The boomerang {throwing} hits the hound but does no damage.
The hound bites you.
You die...

Action                   || total
-------------------------++-------
Melee: Unarmed           ||     6
Throw: Boomerang         ||     9
  Use: Scroll            ||     4
 Stab: Sleeping          ||     1
Armor: Leather armour    ||     5
Dodge: Dodged            ||    13

Levels and vault maps discovered:
D:4:      cheibrodos_helix_gallery, layout_cave_pods,
          minmay_temple_entry_overgrown
D:5:      layout_loops_ring, mainiacjoe_overflow_concentric_impassable,
          chequers_temple_overflow_minitemple
D:6:      layout_loops_ring, nicolae_overflow_hidden_temple,
          mainiacjoe_overflow_cross_hatched

Notes
Turn   | Place    | Note
-------+----------+-------------------------------------------
     0 | D:5      | spaghetti the Mummy Delver began the quest for the Orb.
     0 | D:5      | Reached XP level 1. HP: 18/18 MP: 1/1
     0 | D:5      | magus.rc [v1.9.6]
    39 | D:5      | Noticed a phantom
    94 | D:5      | Noticed a howler monkey
   105 | D:5      | Found a stormy altar of Qazlal.
   310 | D:6      | Found a sacrificial altar of Ru.
   311 | D:6      | Noticed a two-headed ogre
   319 | D:6      | Found a radiant altar of Vehumet.
   347 | D:5      | Noticed a necrophage
   381 | D:4      | Noticed a hound
   400 | D:4      | HP: 2/18 [hound (3)]
   403 | D:4      | Slain by a hound

Vanquished Creatures (others)
  A plant (D:4)
1 creature vanquished.

Table legend:
 A = Non-vault XP
 B = Vault XP
 C = Vault XP percentage of total XP
 D = Non-vault monster count
 E = Vault monster count
 F = Vault count percentage of total count
                 A         B        C        D         E       F
            +---------+---------+-------+---------+---------+-------
      Total |       0 |       0 |   N/A |       0 |       0 |  -nan
            +---------+---------+-------+---------+---------+-------
            +---------+---------+-------+---------+---------+-------

Illustrated notes

Table legend: (Time is in decaauts)
 A = Elapsed time spent in this place.
 B = Non-inter-level travel time spent in this place.
 C = Inter-level travel time spent in this place.
 D = Time resting spent in this place.
 E = Time spent auto-exploring this place.
 F = Levels seen in this place.
 G = Mean time per level.
                   A        B        C        D        E       F      G
               +--------+--------+--------+--------+--------+-----+--------+
         Total |    406 |    368 |     38 |    110 |    151 |   3 |  135.3 |
       Dungeon |    406 |    368 |     38 |    110 |    151 |   3 |  135.3 |
               +--------+--------+--------+--------+--------+-----+--------+

Top non-repeatable levels by time:
     D:5: 165 daAuts
     D:4: 155 daAuts
     D:6: 84 daAuts
